AoeStats
← josiahkane

Golden Pit

507427790Analyzed
1v1 RM · 16d ago on Sep 18, 2026· 49m 17s· 2 players
Game mode
Random Map
Map size
Tiny (2 player)
Population
200
Speed
Normal
Resources
Standard
Victory
Conquest
Starting age
Dark Age
Ending age
Imperial Age
RankedLock teamsTeams togetherTeam positionsShared explorationLock speedFull tech treeHidden civsTurbo modeCheats
Victory
Defeat
🇩🇪 Britons · Germany
912
+16
🇬🇧 Bohemians · United Kingdom
920
-16
piloulava
7:38 Loom
10:22 Feudal Age
10:55 Double-Bit Axe
11:30 Horse Collar
21:24 Gold Mining
23:40 Wheelbarrow
24:05 Wheelbarrow
24:05 Fletching
24:16 Padded Archer Armor
26:43 Castle Age
28:24 Crossbowman
29:06 Bodkin Arrow
29:26 Leather Archer Armor
30:34 Hand Cart
30:51 Heavy Plow
33:16 Ballistics
33:09 Bow Saw
38:25 Imperial Age
40:50 Conscription
41:18 Gold Shaft Mining
40:34 Stone Mining
41:45 Two-Man Saw
41:23 Warwolf
41:41 Arbalester
47:43 Elite Skirmisher
josiahkane
11:36 Feudal Age
12:34 Loom
12:52 Double-Bit Axe
18:06 Castle Age
22:44 Horse Collar
31:24 Imperial Age
31:36 Chemistry
32:44 Padded Archer Armor
36:05 Wheelbarrow
48:00 Hand Cart
Connection lost

Rejoining the realm…

Still unreachable

The connection could not be restored.

Session expired

The server has moved on; the page needs a fresh start.